 Dungeon Crawl Stone Soup version 0.30-a0-341-g682706514a (webtiles) character file.

Game seed: 10837294734780017486

7498 funkygono the Arsonist (level 10, -2/74 HPs)
             Began as a Black Draconian Fire Elementalist on Nov 4, 2022.
             Was a Follower of Vehumet.
             Slain by a red ugly thing (7 damage)
             ... on level 9 of the Dungeon.
             The game lasted 00:17:47 (10449 turns).

funkygono the Arsonist (DrFE)                      Turns: 10449, Time: 00:17:48

Health: -2/74      AC: 11    Str: 11    XL:     10   Next: 95%
Magic:  5/32       EV: 13    Int: 20    God:    Vehumet [*.....]
Gold:   669        SH:  0    Dex: 11    Spells: 12/28 levels left

rFire   + + .      SeeInvis .    G - +3 whip of Valuable Assets {drain, rF+ rC+ rCorr}
rCold   . . .      Faith    .    (no shield)
rNeg    . . .      Spirit   .    (body armour unavailable)
rPois   .          Reflect  .    (helmet restricted)
rElec   +          Harm     .    k - +1 cloak
rCorr   +          Rampage  .    (no gloves)
Will    .....                    q - +1 pair of boots
Stlth   ++........               f - amulet of the acrobat
HPRegen 0.32/turn                r - ring of magical power
MPRegen 0.23/turn                B - ring of fire

@: no status effects
A: breathe lightning, AC +7, unfitting armour, electricity resistance,
cold-blooded
a: Breathe Lightning, Renounce Religion


You were on level 9 of the Dungeon.
You worshipped Vehumet.
Vehumet was aware of your devotion.
You visited 2 branches of the dungeon, and saw 10 of its levels.

You collected 669 gold pieces.

Inventory:

Hand Weapons
 c - a +2 whip of flaming
 d - a +1 vorpal whip
 j - a +0 scimitar
 n - a +1 dagger of electrocution
 E - a +2 flail of draining
 G - the +3 whip of Valuable Assets (weapon) {drain, rF+ rC+ rCorr}
   (You found it on level 7 of the Dungeon)

   A truly terrible weapon, it drains the life of any living foe it strikes.
   rF:        It protects you from fire.
   rC:        It protects you from cold.
   rCorr:     It protects you from acid and corrosion.
 H - a +3 whip
Armour
 k - a +1 cloak (worn)
 q - a +1 pair of boots (worn)
Jewellery
 f - an amulet of the acrobat (around neck)
 r - a ring of magical power (left hand)
 t - a +4 ring of evasion
 y - a ring of magical power
 B - a ring of fire (right hand)
Scrolls
 g - a scroll of summoning
 i - 7 scrolls of teleportation
 v - a scroll of silence
 w - 2 scrolls of magic mapping
 x - 3 scrolls of enchant armour
 z - 2 scrolls of fog
 D - a scroll of blinking
 F - a scroll of amnesia
Potions
 a - 4 potions of magic
 b - 6 potions of curing
 e - a potion of flight {unknown}
 h - 2 potions of lignification
 l - 3 potions of haste
 m - 2 potions of mutation
 o - 6 potions of might
 p - 2 potions of brilliance
 s - a potion of heal wounds
 u - 2 potions of resistance {unknown}
 A - 3 potions of ambrosia
 C - a potion of attraction {unknown}


   Skills:
 + Level 2.5 Fighting
 + Level 2.3 Maces & Flails
 + Level 3.9 Dodging
 + Level 3.6 Stealth
 + Level 9.7 Spellcasting
 + Level 5.8 Conjurations
 + Level 0.1 Translocations
 + Level 9.9 Fire Magic
 * Level 4.9 Air Magic


You had 12 spell levels left.
You knew the following spells:

 Your Spells              Type           Power      Damage    Failure   Level
a - Foxfire               Conj/Fire      100%       2x1d9     1%          1
b - Scorch                Fire           100%       2d10      1%          2
c - Kindle Blastsparks    Fire/Tloc/Air  88%        2d17      2%          3
d - Flame Wave            Conj/Fire      58%        2d14      2%          4
e - Magic Dart            Conj           100%       1d8       1%          1
f - Lightning Bolt        Conj/Air       15%        1d29      22%         5

Your spell library contained the following spells:

 Spells                   Type           Power      Damage    Failure   Level
 Static Discharge         Conj/Air       62%        2-5/arc   1%          2
 Inner Flame              Hex/Fire       44%        N/A       2%          3
 Poisonous Vapours        Pois/Air       38%        N/A       4%          2
 Mephitic Cloud           Conj/Pois/Air  24%        N/A       4%          3
 Cigotuvi's Dreadful Rot  Necr/Pois/Air  32%        N/A       5%          2
 Vhi's Electric Charge    Tloc/Air       38%        N/A       8%          3
 Arcjolt                  Conj/Air       15%        1d25      22%         5


Dungeon Overview and Level Annotations

Branches:
Dungeon (9/15)             Temple (1/1) D:6
   Lair: D:8-11         Orc: D:9-12

Altars:
Ashenzari
Cheibriados
Dithmenos
Elyvilon
Fedhas
Gozag
Hepliaklqana
Kikubaaqudgha
Makhleb
Nemelex Xobeh
Okawaru
Qazlal
Ru
Trog
Uskayaw
Vehumet
Xom
Yredelemnul
Zin
The Shining One

Shops:
D:1 *   D:8 [   D:9 *


Innate Abilities, Weirdness & Mutations

You can breathe wild blasts of lightning.
Your glossy black scales are hard. (AC +7)
You cannot fit into any form of body armour.
You are resistant to electric shocks. (rElec)
You are cold-blooded and may be slowed by cold attacks.


Message History

Confirm with . or Enter, or press ? or * to list all spells.
You feel a surge of power!
Flames lash the red ugly thing.
The red ugly thing is heavily wounded.
The red ugly thing kicks you!
* * * LOW HITPOINT WARNING * * *
You are engulfed in flames.
You resist.
* * * LOW HITPOINT WARNING * * *
You feel much better.
A seven-headed hydra comes into view.
The red ugly thing misses you.
Casting: Scorch (safe; 1% risk of failure)
Confirm with . or Enter, or press ? or * to list all spells.
You feel a surge of power!
Flames lash the red ugly thing.
The red ugly thing is severely wounded.
The red ugly thing kicks you!
* * * LOW HITPOINT WARNING * * *
You are engulfed in flames.
You resist.
* * * LOW HITPOINT WARNING * * *
Casting: Scorch (safe; 1% risk of failure)
Confirm with . or Enter, or press ? or * to list all spells.
You feel a surge of power!
Flames lash the red ugly thing.
The red ugly thing is severely wounded.
The red ugly thing kicks you.
* * * LOW HITPOINT WARNING * * *
You are engulfed in flames.
You resist.
* * * LOW HITPOINT WARNING * * *
Casting: Scorch (safe; 1% risk of failure)
Confirm with . or Enter, or press ? or * to list all spells.
You feel a surge of power!
Flames lash the red ugly thing.
The red ugly thing is almost dead.
The red ugly thing closely misses you.
Unknown command.
Casting: Scorch (safe; 1% risk of failure)
Confirm with . or Enter, or press ? or * to list all spells.
You feel a surge of power!
Flames lash the red ugly thing.
The red ugly thing is almost dead.
The red ugly thing kicks you!
* * * LOW HITPOINT WARNING * * *
You are engulfed in flames!
You resist.
You die...

...###...#.......#...###.########
...'.............................
...####.>........................
.................#...##..#####...
...........#####.#v..##..# #...
#..........## #.#...##..#####...
#...........####.######..........
..........#......................
........########@...........####.
...............[u#######....# #.
......................##....# #.
........####.D[...###.....### #.
.............)...#..###...### #.
.....)...........#.#..###...#####
.##.......)..)...#.#.#..###...###
#........))....#.#.#.#..###...#
##.........##...#.#.#.#.#..###..


You could see a seven-headed hydra and a red ugly thing (combustible).

Vanquished Creatures
  A boulder beetle (D:9)
  A wizard (D:9)
  An ugly thing (D:9)
  Joseph (D:9)
  A kobold demonologist (D:9)
  A freezing wraith (D:9)
  A troll (D:9)
  A hornet (D:8)
  A shadow (D:7)
  A wyvern (D:9)
  A vampire (D:9)
  A steam dragon (D:9)
  A basilisk (D:9)
  A vampire mosquito (D:9)
  3 acid dragons
  3 water moccasins
  A sky beast (D:7)
  An orc warrior (D:9)
  3 ice beasts
  An ogre (D:5)
  5 centaurs
  3 phantoms (D:6)
  2 kobold brigands
  3 bullfrogs
  A necrophage (D:8)
  3 scorpions
  9 killer bees
  3 howler monkeys
  6 jellies
  7 orc priests
  5 hounds
  3 iguanas
  7 orc wizards
  7 gnolls
  9 adders
  4 white imps
  4 worms
  2 dart slugs (D:2)
  17 orcs
  7 endoplasms
  2 giant cockroaches (D:2)
  9 goblins
  11 hobgoblins
  5 jackals (D:2)
  3 quokkas
  6 ball pythons
  6 bats
  3 frilled lizards
  20 kobolds
  8 rats
206 creatures vanquished.

Vanquished Creatures (others)
  581 foxfires
581 creatures vanquished.

Grand Total: 787 creatures vanquished

Notes
Turn   | Place    | Note
-------+----------+-------------------------------------------
     0 | D:1      | funkygono the Draconian Fire Elementalist began the quest
                  | for the Orb.
     0 | D:1      | Reached XP level 1. HP: 14/14 MP: 3/3
   174 | D:1      | Reached XP level 2. HP: 20/20 MP: 0/5
   385 | D:1      | Found Test's Assorted Antiques.
   856 | D:1      | Learned a level 2 spell: Scorch
  1105 | D:1      | Reached XP level 3. HP: 26/26 MP: 1/6
  1109 | D:1      | Learned a level 3 spell: Kindle Blastsparks
  2010 | D:2      | Reached XP level 4. HP: 33/33 MP: 2/7
  3289 | D:3      | Found a faded altar of an unknown god.
  4084 | D:3      | Found a glowing silver altar of Zin.
  4422 | D:4      | Reached XP level 5. HP: 38/39 MP: 9/9
  4982 | D:4      | Found a hazy altar of Hepliaklqana.
  5329 | D:4      | Found a glowing golden altar of the Shining One.
  5341 | D:4      | Learned a level 4 spell: Flame Wave
  5398 | D:5      | Entered Level 5 of the Dungeon
  5406 | D:5      | Reached XP level 6. HP: 38/46 MP: 11/11
  5736 | D:5      | Reached skill level 5 in Fire Magic
  5798 | D:5      | Reached skill level 1 in Fighting
  5865 | D:5      | Noticed an ice beast
  5883 | D:4      | Your scales start taking on a glossy black colour.
  5883 | D:4      | Reached XP level 7. HP: 52/52 MP: 8/13
  5883 | D:4      | Gained mutation: You are resistant to electric shocks.
                  | (rElec) [Black Draconian growth]
  6169 | D:5      | Reached skill level 5 in Spellcasting
  6662 | D:6      | Reached XP level 8. HP: 60/60 MP: 13/16
  7049 | D:6      | Found a staircase to the Ecumenical Temple.
  7154 | Temple   | Entered the Ecumenical Temple
  7179 | Temple   | Became a worshipper of Vehumet
  8130 | D:7      | Reached XP level 9. HP: 51/67 MP: 10/19
  8131 | D:7      | Reached * piety under Vehumet
  8131 | D:7      | Offered knowledge of Magic Dart by Vehumet.
  8274 | D:7      | Identified the +3 whip of Valuable Assets {drain, rF+ rC+
                  | rCorr}
  8408 | D:7      | Reached skill level 1 in Maces & Flails
  9083 | D:8      | Found Feng's Armour Shop.
  9520 | D:8      | Learned a level 1 spell: Magic Dart
  9535 | D:8      | Learned a level 5 spell: Lightning Bolt
  9592 | D:9      | Noticed Joseph
  9601 | D:9      | Killed Joseph
  9602 | D:9      | Reached skill level 1 in Air Magic
  9655 | D:9      | Reached XP level 10. HP: 74/74 MP: 15/22
  9718 | D:9      | Noticed a wizard
  9723 | D:9      | Killed a wizard
  9760 | D:9      | Reached skill level 5 in Conjurations
  9884 | D:9      | Found a broken altar of Ashenzari.
  9884 | D:9      | Found Wihoh's Mass Market.
 10219 | D:9      | Noticed a boulder beetle
 10236 | D:9      | Killed a boulder beetle
 10419 | D:9      | Noticed a white ugly thing
 10419 | D:9      | Noticed a red ugly thing
 10440 | D:9      | Killed a red ugly thing
 10445 | D:9      | Noticed a seven-headed hydra
 10449 | D:9      | Slain by a red ugly thing

Illustrated notes

Levels and vault maps discovered:
D:1:      amcnicky_arrival_gap_in_the_tavern_cellar, layout_loops_corners,
          serial_shops, shop
D:2:      wad_river_or_something, layout_loops_corners
D:3:      layout_loops_corners, zin_statuary, ebering_ecumenical_altar_webs
D:4:      layout_basic, mainiacjoe_overflow_swirl
D:5:      layout_rooms, nicolae_elevator_lobby_plus
D:6:      layout_rooms, minmay_temple_entry_poolview, hangedman_decor_slide_cut
D:7:      layout_basic, minmay_joined_circles
D:8:      layout_loops_cross, serial_shops, kennysheep_mini_moat
D:9:      minmay_the_grid_triangle_9x9_recursive_2
          [minmay_the_grid_triangle_9x9_prize_top_heavy,
          minmay_the_grid_triangle_9x9_intruding_spiral,
          minmay_the_grid_triangle_9x9_flanged_cone,
          minmay_the_grid_triangle_9x9_stretched_checkered], layout_basic,
          minitemple, ashenzari_altar_1, minmay_shop_mass, uniq_joseph
Temple:   eino_temple_rhombus

Skill      XL: |  1  2  3  4  5  6  7  8  9 10 |
---------------+-------------------------------+-----
Dodging        | 2 3 |  3.9
Stealth        | 2 3 |  3.6
Fire Magic     | 4 5 6 7 8 9 |  9.9
Spellcasting   | 3 4 5 7 8 9 |  9.7
Conjurations   | 2 4 5 |  5.8
Fighting       | 1 2 |  2.5
Maces & Flails | 1 2 |  2.3
Air Magic      | 1 4 |  4.9
Translocations | |  0.1

Action                   |  1- 3 |  4- 6 |  7- 9 | 10-12 || total
-------------------------+-------+-------+-------+-------++-------
Melee: Club              |     2 |       |       |       ||     2
       Unarmed           |     1 |       |       |       ||     1
       Whip              |     9 |    21 |    23 |     7 ||    60
       Tailslap          |     1 |     3 |     4 |       ||     8
 Cast: Foxfire           |    68 |   101 |   127 |    47 ||   343
       Scorch            |     5 |    29 |    60 |    28 ||   122
       Flame Wave        |       |       |     4 |     5 ||     9
       Magic Dart        |       |       |       |     3 ||     3
       Kindle Blastspark |       |       |       |     3 ||     3
  Use: Scroll            |     7 |    10 |     7 |     1 ||    25
       Potion            |       |       |       |     1 ||     1
Armor: Skin              |    14 |    22 |    32 |     9 ||    77
Dodge: Dodged            |    18 |    43 |    70 |    43 ||   174

Table legend: (Time is in decaauts)
 A = Elapsed time spent in this place.
 B = Non-inter-level travel time spent in this place.
 C = Inter-level travel time spent in this place.
 D = Time resting spent in this place.
 E = Time spent auto-exploring this place.
 F = Levels seen in this place.
 G = Mean time per level.
                   A        B        C        D        E       F      G
               +--------+--------+--------+--------+--------+-----+--------+
         Total |  10464 |  10236 |    228 |    335 |   8426 |  10 | 1046.4 |
       Dungeon |  10283 |  10075 |    208 |    335 |   8284 |   9 | 1142.6 |
        Temple |    180 |    161 |     19 |      0 |    142 |   1 |  180.0 |
               +--------+--------+--------+--------+--------+-----+--------+

Top non-repeatable levels by time:
     D:2: 1770 daAuts
     D:1: 1424 daAuts
     D:4: 1393 daAuts
     D:7: 1312 daAuts
     D:3: 1135 daAuts
     D:5: 927 daAuts
     D:9: 910 daAuts
     D:8: 775 daAuts
     D:6: 634 daAuts
  Temple: 180 daAuts
